AoeStats
← geodeta

Pilgrims

509653486Analyzed
4v4 RM · 6d ago on Sep 27, 2026· 28m 33s· 8 players
Game mode
Random Map
Map size
Large (8 player)
Population
200
Speed
Normal
Resources
Standard
Victory
Conquest
Starting age
Dark Age
Ending age
Imperial Age
RankedLock teamsTeams togetherTeam positionsShared explorationLock speedFull tech treeHidden civsTurbo modeCheats
Victory
Defeat
🇦🇷 Italians · Argentina
1254
+15
🇨🇴 Danes · Colombia
1234
+15
🇷🇴 Hindustanis · Romania
1194
+17
🇰🇬 Franks · Kyrgyzstan
1144
+19
🇲🇪 Georgians · Montenegro
1297
-19
🇲🇪 Saxons · Montenegro
1274
-19
🇲🇪 Vietnamese · Montenegro
1204
-16
🇲🇪 Vikings · Montenegro
1099
-12
Cabelord
7:59 Loom
14:28 Feudal Age
20:47 Castle Age
18:36 Double-Bit Axe
18:32 Horse Collar
20:07 Fletching
21:46 Bodkin Arrow
22:13 Medium Warships
22:41 Wheelbarrow
22:47 Padded Archer Armor
22:48 Gold Mining
24:34 Leather Archer Armor
25:30 Fishing Lines
27:03 Hand Cart
26:59 Bow Saw
26:30 Horse Collar
26:50 Stone Mining
28:23 Town Watch
jaimeerp
4:06 Loom
12:26 Feudal Age
14:34 Wheelbarrow
13:53 Double-Bit Axe
14:27 Fletching
20:22 Fishing Lines
23:01 Castle Age
23:55 Medium Warships
23:43 Bodkin Arrow
24:11 Bow Saw
25:04 Clinker Construction
25:06 Careening
25:27 Hand Cart
25:04 Gold Mining
26:40 Ballistics
31:21 Imperial Age
Te0n
15:41 Feudal Age
16:18 Fishing Lines
16:26 Double-Bit Axe
17:54 Scale Barding Armor
17:59 Forging
19:53 Castle Age
19:50 Fletching
20:41 Husbandry
21:27 Iron Casting
21:12 Chain Barding Armor
20:58 Gold Mining
21:35 Chain Barding Armor
21:34 Gillnets
22:50 Wheelbarrow
23:45 Bow Saw
23:38 Stone Mining
24:25 Gold Shaft Mining
28:23 Ordonnance Companies
RoaZorro
12:36 Feudal Age
16:00 Castle Age
14:11 Fishing Lines
14:26 Double-Bit Axe
15:37 Scale Barding Armor
15:46 Bloodlines
16:30 Loom
18:53 Forging
18:46 Husbandry
21:17 Wheelbarrow
22:08 Chain Barding Armor
22:03 Horse Collar
24:27 Iron Casting
25:01 Heavy Plow
25:45 Bow Saw
Mindza Debela
8:41 Loom
11:42 Feudal Age
Emp
10:58 Feudal Age
9:15 Loom
13:03 Gold Mining
13:00 Double-Bit Axe
13:09 Fletching
15:20 Castle Age
13:28 Fishing Lines
14:19 Town Watch
16:01 Bodkin Arrow
16:24 Bow Saw
22:22 Ballistics
23:32 Gillnets
Djokara
11:25 Loom
13:14 Feudal Age
11:30 Loom
14:19 Fishing Lines
19:19 Castle Age
17:49 Scale Barding Armor
17:54 Forging
21:50 Gillnets
22:38 Chain Barding Armor
24:52 Iron Casting
geodeta
12:01 Feudal Age
12:36 Fishing Lines
13:33 Stone Mining
13:35 Gold Mining
13:48 Gold Mining
16:39 Castle Age
14:28 Loom
14:30 Town Watch
14:40 Loom
14:46 Town Watch
14:51 Double-Bit Axe
14:51 Horse Collar
19:01 Wheelbarrow
23:23 Heavy Plow
25:29 Hand Cart
25:48 Fletching
Connection lost

Rejoining the realm…

Still unreachable

The connection could not be restored.

Session expired

The server has moved on; the page needs a fresh start.